 Dungeon Crawl Stone Soup version 0.22.1-2-g9c5b331 (webtiles) character file.

20356 whitewolfNL the Basher (level 12, -8/103 HPs)
             Began as a Minotaur Berserker on Jan 3, 2019.
             Was a High Priest of Trog.
             Shot with an arrow by a centaur (12 damage)
             ... led by a centaur warrior
             ... on level 14 of the Dungeon on Jan 4, 2019.
             The game lasted 01:12:34 (14621 turns).

whitewolfNL the Basher (Minotaur Berserker)        Turns: 14621, Time: 01:12:34

Health: -8/103     AC: 13    Str: 23    XL:     12   Next: 44%
Magic:  15/15      EV: 11    Int:  5    God:    Trog [*****.]
Gold:   767        SH:  7    Dex: 13    Spells: 11/11 levels left

rFire    + . .     SeeInvis .   f - +6 morningstar (venom)
rCold    + . .     Gourm    +   q - +2 buckler
rNeg     . . .     Faith    .   d - +0 plate armour
rPois    +         Spirit   .   (helmet restricted)
rElec    +         Reflect  .   P - +0 cloak
rCorr    +         Harm     .   M - +0 pair of gloves
MR       .....                  (no boots)
Stlth    ..........             O - amulet of the gourmand
HPRegen  0.27/turn              e - ring of poison resistance
MPRegen  0.14/turn              F - +3 ring of slaying

@: resistant, corroded, berserk cooldown, slowed, very slow
A: retaliatory headbutt, horns 2
a: Berserk, Trog's Hand, Brothers in Arms, Renounce Religion


You were on level 14 of the Dungeon.
You worshipped Trog.
Trog was extremely pleased with you.
You were very full.

You visited 2 branches of the dungeon, and saw 15 of its levels.

You collected 1202 gold pieces.
You spent 435 gold pieces at shops.

Inventory:

Hand Weapons
 f - a +6 morningstar of venom (weapon)
 n - a +0 hunting sling
 t - a +2 whip of flaming
 L - a +4 dire flail
Missiles
 j - 6 steel javelins
 o - 128 sling bullets
 A - 363 arrows
 D - 72 bolts
 G - 5 poisoned tomahawks (quivered)
 H - 3 throwing nets
 T - 3 tomahawks of dispersal
Armour
 d - a +0 plate armour (worn)
 q - a +2 buckler (worn)
 M - a +0 pair of gloves (worn)
 P - a +0 cloak (worn)
Jewellery
 e - a ring of poison resistance (left hand)
 F - a +3 ring of slaying (right hand)
 N - an uncursed amulet of the acrobat
 O - an amulet of the gourmand (around neck)
Wands
 a - a wand of iceblast (17)
 p - a wand of clouds (4)
 C - a wand of polymorph (8)
Scrolls
 b - a scroll of summoning {unknown}
 g - 3 scrolls of teleportation
 h - a scroll of fog
 u - 3 scrolls of enchant armour
 v - 8 scrolls of remove curse
 y - 2 scrolls of blinking
 E - 4 scrolls of enchant weapon
 K - 2 scrolls of magic mapping
 R - a scroll of fear {unknown}
Potions
 k - 3 potions of curing
 l - a potion of resistance
 m - a potion of invisibility
 r - 4 potions of flight
 s - 2 potions of brilliance
 x - 2 potions of lignification
 z - 2 potions of agility
 B - 5 potions of haste
 J - a potion of ambrosia
 Q - a potion of cancellation {unknown}
Miscellaneous
 i - a sack of spiders
Comestibles
 c - 14 rations


   Skills:
 + Level 8.6 Fighting
 * Level 14.6 Maces & Flails
 - Level 3.6(6.0) Slings
 * Level 6.8(7.2) Throwing
 * Level 10.2 Armour
 * Level 7.8 Dodging
 - Level 6.0 Shields
 * Level 5.7 Evocations


You had 11 spell levels left.
You didn't know any spells.
Your spell library was empty.

Dungeon Overview and Level Annotations

Branches:
Dungeon (14/15)            Temple (1/1) D:7            Lair (0/6) D:10
    Orc (0/2) D:11
 Vaults: D:13-14

Altars:
Ashenzari
Cheibriados
Dithmenos
Elyvilon
Fedhas
Gozag
Hepliaklqana
Kikubaaqudgha
Makhleb
Nemelex Xobeh
Okawaru
Qazlal
Ru
Sif Muna
Trog
Uskayaw
Vehumet
Wu Jian
Xom
Yredelemnul
Zin
The Shining One

Shops:
D:4 *   D:5 *   D:7 !   D:11 [


Innate Abilities, Weirdness & Mutations

You reflexively headbutt those who attack you in melee.
You have a pair of horns on your head.


Message History

* * * LOW HITPOINT WARNING * * *
The white ugly thing basks in the mutagenic energy from its kin and changes!
The brown ugly thing trunk-slaps you.
* * * LOW HITPOINT WARNING * * *
You are splashed with acid!
The acid burns!
* * * LOW HITPOINT WARNING * * *
You feel protected.
The brown ugly thing trunk-slaps you but does no damage.
The white ugly thing basks in the mutagenic energy from its kin and changes!
As you read the scroll of teleportation, it crumbles to dust.
You feel strangely unstable. The brown ugly thing trunk-slaps you.
* * * LOW HITPOINT WARNING * * *
You are splashed with acid!
The acid burns!
You resist.
* * * LOW HITPOINT WARNING * * *
The brown ugly thing barely misses you.
Your surroundings suddenly seem different.
A centaur comes into view.
The centaur shouts!
The centaur wields a shortbow.
The centaur shoots an arrow.
The arrow hits you!
You die...

#.... ...# #....#...#
#....#...# '##....#...# #
.......#...# .
...............#... ...
...............#'###....
........................
#...............@.......
#.....#######..........c
#.....#.....########...(..####
#.....###..........#..........
#.......#..........#..........
#.......#..........#..........
........######..>..#..........
.............#'##'##........#
.(.............[............#


You could see a centaur.

Vanquished Creatures
  Harold (D:7)
  A hydra (D:11)
  A two-headed ogre (D:13)
  An unseen horror (D:11)
  A wizard (D:14)
  A deep elf mage (D:12)
  2 cyclopes
  7 ugly things
  An ice statue (D:11)
  A centaur zombie (D:11)
  A queen bee (D:12)
  A queen bee (shapeshifter) (D:14)
  3 hornets
  4 trolls
  4 hippogriffs
  A vampire (D:13)
  A wraith (D:14)
  Sigmund (D:2)
  A wyvern (D:13)
  5 yaks (D:12)
  A basilisk (D:10)
  2 hungry ghosts (D:11)
  A soldier ant (D:8)
  A water moccasin (D:8)
  3 porcupines (D:10)
  5 orc warriors
  3 sky beasts
  Duvessa (D:7)
  4 black bears
  3 ice beasts
  3 phantoms (D:11)
  2 ogres
  16 centaurs
  3 wolves (D:10)
  2 crocodiles (D:10)
  A big kobold (D:11)
  2 gnoll sergeants
  5 bullfrogs
  A wyvern skeleton (D:12)
  5 scorpions
  Dowan (D:7)
  4 troll zombies (D:11)
  18 killer bees
  5 wights (D:7)
  2 howler monkeys (D:14)
  10 crimson imps
  2 centaur skeletons
  A quasit (D:8)
  5 hounds
  6 jellies
  A gnoll shaman (D:6)
  8 orc wizards
  7 orc priests
  A bullfrog skeleton (D:4)
  6 iguanas
  6 worker ants
  2 ogre zombies (D:11)
  A hound zombie (D:6)
  A hound skeleton (D:11)
  20 gnolls
  13 adders
  4 shadow imps
  2 oozes
  An adder skeleton (D:4)
  3 worms
  5 leopard geckos
  41 orcs
  A ball python (D:6)
  4 giant cockroaches
  13 hobgoblins
  10 jackals
  14 kobolds
  6 quokkas
  8 bats
  7 frilled lizards
  9 goblins
  2 goblin zombies (D:11)
  5 hobgoblin zombies (D:11)
  A jackal zombie (D:5)
  3 orc skeletons (D:11)
  9 orc zombies (D:11)
  4 rats
375 creatures vanquished.

Vanquished Creatures (others)
  A fungus (D:10)
  5 plants
6 creatures vanquished.

Grand Total: 381 creatures vanquished

Notes
Turn   | Place    | Note
-------+----------+-------------------------------------------
     0 | D:1      | whitewolfNL the Minotaur Berserker began the quest for the
                  | Orb.
     0 | D:1      | Reached XP level 1. HP: 19/19 MP: 0/0
   317 | D:1      | Reached skill level 4 in Maces & Flails
   317 | D:1      | Reached XP level 2. HP: 27/27 MP: 1/1
   890 | D:1      | Reached XP level 3. HP: 32/33 MP: 2/2
   937 | D:1      | Reached ** piety under Trog
  1275 | D:2      | Found a sacrificial altar of Ru.
  1285 | D:2      | Found a glowing silver altar of Zin.
  1285 | D:2      | Found a deep blue altar of Sif Muna.
  1285 | D:2      | Found a stormy altar of Qazlal.
  1401 | D:2      | Found a bloodstained altar of Trog.
  1830 | D:2      | Reached skill level 5 in Maces & Flails
  1830 | D:2      | Reached XP level 4. HP: 35/40 MP: 3/3
  2038 | D:2      | Noticed Sigmund
  2051 | D:2      | Killed Sigmund
  2051 | D:2      | Reached *** piety under Trog
  2051 | D:2      | Reached skill level 6 in Maces & Flails
  2051 | D:2      | Reached skill level 1 in Throwing
  2051 | D:2      | Reached XP level 5. HP: 26/47 MP: 4/4
  2484 | D:3      | Reached XP level 6. HP: 33/53 MP: 5/5
  3136 | D:4      | Found Kewos's General Store.
  3181 | D:4      | Bought a scroll of identify for 28 gold pieces
  3181 | D:4      | Bought a potion of lignification for 42 gold pieces
  3181 | D:4      | Bought a potion of agility for 56 gold pieces
  3181 | D:4      | Bought a scroll of blinking for 105 gold pieces
  3814 | D:5      | Entered Level 5 of the Dungeon
  3821 | D:5      | Found a shimmering altar of Xom.
  3827 | D:5      | Got a bloodstained scale mail
  3846 | D:5      | Reached skill level 7 in Maces & Flails
  3974 | D:5      | Reached **** piety under Trog
  3974 | D:5      | Reached skill level 1 in Shields
  3974 | D:5      | Reached XP level 7. HP: 60/60 MP: 6/6
  4201 | D:5      | Found Cunyaf's General Store.
  4431 | D:6      | Reached skill level 5 in Fighting
  4440 | D:6      | Reached skill level 8 in Maces & Flails
  4635 | D:6      | Reached skill level 1 in Evocations
  4699 | D:6      | Reached XP level 8. HP: 48/68 MP: 7/7
  4901 | D:6      | Reached skill level 9 in Maces & Flails
  5050 | D:6      | Found a basalt altar of Yredelemnul.
  5055 | D:6      | Reached skill level 5 in Armour
  5544 | D:6      | Reached ***** piety under Trog
  5558 | D:7      | Noticed Dowan
  5561 | D:7      | Noticed Duvessa
  5843 | D:7      | Noticed Harold
  5863 | D:7      | Killed Harold
  5863 | D:7      | Reached skill level 10 in Maces & Flails
  5863 | D:7      | Reached XP level 9. HP: 31/75 MP: 9/9
  6332 | D:7      | Killed Duvessa
  6339 | D:7      | Killed Dowan
  6469 | D:7      | Reached skill level 5 in Dodging
  6515 | D:7      | Found a shadowy altar of Dithmenos.
  6515 | D:7      | Found a radiant altar of Vehumet.
  6516 | D:7      | Found an iron altar of Okawaru.
  6684 | D:7      | Found Uruxyoh's Distillery.
  6697 | D:7      | Bought a potion of degeneration for 12 gold pieces
  6697 | D:7      | Bought a potion of degeneration for 12 gold pieces
  6697 | D:7      | Bought a potion of invisibility for 96 gold pieces
  6697 | D:7      | Bought a potion of brilliance for 48 gold pieces
  6697 | D:7      | Bought a potion of curing for 36 gold pieces
  6817 | D:7      | Found a staircase to the Ecumenical Temple.
  6826 | Temple   | Entered the Ecumenical Temple
  7148 | D:8      | Received a gift from Trog
  7148 | D:8      | Reached skill level 5 in Shields
  7257 | D:8      | Reached skill level 11 in Maces & Flails
  7456 | D:8      | Reached XP level 10. HP: 69/84 MP: 11/11
  7602 | D:8      | Found a stormy altar of Qazlal.
  8039 | D:8      | Got an ancient spear
  8040 | D:8      | Identified the +5 spear of Outrage {distort, Stlth+} (You
                  | found it on level 8 of the Dungeon)
  9071 | D:10     | Entered Level 10 of the Dungeon
  9274 | D:10     | Reached skill level 12 in Maces & Flails
  9466 | D:10     | Reached skill level 5 in Throwing
  9780 | D:10     | Found a staircase to the Lair.
 10268 | D:11     | Reached XP level 11. HP: 90/92 MP: 13/13
 10276 | D:11     | Received a gift from Trog
 10297 | D:11     | Found a staircase to the Orcish Mines.
 10332 | D:11     | Paralysed by a hornet for 3 turns
 10750 | D:11     | Killed an unseen horror
 10919 | D:11     | Reached skill level 13 in Maces & Flails
 10988 | D:11     | Noticed a brown ugly thing
 10999 | D:11     | Noticed a five-headed hydra
 11000 | D:11     | Killed a brown ugly thing
 11024 | D:11     | Killed a five-headed hydra
 11435 | D:11     | Noticed a red ugly thing
 11435 | D:11     | Noticed a cyan ugly thing
 11445 | D:11     | Killed a red ugly thing
 11452 | D:11     | Killed a cyan ugly thing
 11634 | D:11     | Reached skill level 5 in Evocations
 11678 | D:11     | Found Kukaapez's Antique Armour Shop.
 11870 | D:11     | Reached skill level 1 in Slings
 12432 | D:12     | Reached skill level 14 in Maces & Flails
 12674 | D:12     | Received a gift from Trog
 12674 | D:12     | Reached XP level 12. HP: 101/101 MP: 13/15
 13541 | D:13     | Noticed a centaur warrior
 13552 | D:13     | Noticed a two-headed ogre
 13643 | D:13     | Noticed a seven-headed hydra
 13727 | D:13     | Noticed a two-headed ogre
 13744 | D:13     | Killed a two-headed ogre
 13756 | D:13     | Noticed a centaur warrior
 13849 | D:14     | Received a gift from Trog
 14177 | D:14     | Reached skill level 10 in Armour
 14619 | D:14     | HP: 3/103 [acid (3)]
 14621 | D:14     | Shot with an arrow by a centaur

Skill      XL: |  1  2  3  4  5  6  7  8  9 10 11 12 |
---------------+-------------------------------------+-----
Maces & Flails | 4 5 6 7 8 10 11 12 14 | 14.6
Fighting       | 4 5 6 7 8 |  8.6
Throwing       | 1 2 3 4 5 6 |  6.8
Armour         | 3 4 6 7 8 9 10 | 10.2
Dodging        | 3 4 5 6 7 |  7.8
Shields        | 1 2 3 5 6 |  6.0
Evocations     | 1 2 3 4 5 |  5.7
Slings         | 3 |  3.6

Action                   |  1- 3 |  4- 6 |  7- 9 | 10-12 || total
-------------------------+-------+-------+-------+-------++-------
Melee: Mace              |   107 |    48 |       |       ||   155
       Headbutt          |     8 |    19 |    52 |   104 ||   183
       Whip              |       |    62 |   236 |    20 ||   318
       Dire flail        |       |       |    36 |       ||    36
       Morningstar       |       |       |    21 |   438 ||   459
 Fire: Hunting sling     |       |       |       |    54 ||    54
Invok: Berserk           |     1 |     5 |    13 |    20 ||    39
Evoke: Wand              |       |       |       |     1 ||     1
       Sack of spiders   |       |       |       |     1 ||     1
  Use: Scroll            |       |     2 |     4 |    11 ||    17
       Potion            |       |       |       |     8 ||     8
 Stab: Sleeping          |     1 |       |       |       ||     1
  Eat: Chunk             |     4 |    10 |    21 |    46 ||    81
       Ration            |       |       |     1 |     4 ||     5
Armor: Animal skin       |    13 |       |       |       ||    13
       Chain mail        |    20 |       |       |       ||    20
       Plate armour      |    14 |    62 |   143 |   311 ||   530
Dodge: Dodged            |    58 |    28 |    85 |   227 ||   398
Block: Buckler           |       |     9 |    70 |   200 ||   279
